 Dungeon Crawl Stone Soup version 0.24-a0-67-ga78bd38d5a (webtiles) character file.

Game seed: 6933082438916180005

252 Osq the Chopper (level 5, -2/72 HPs)
             Began as a Minotaur Berserker on Feb 5, 2019.
             Was a Believer of Trog.
             Slain by a hippogriff (3 damage)
             ... on level 4 of the Dungeon.
             The game lasted 00:05:07 (3402 turns).

Osq the Chopper (Minotaur Berserker)                Turns: 3402, Time: 00:05:08

Health: -2/72      AC:  2    Str: 27    XL:     5   Next: 89%
Magic:  4/4        EV: 13    Int:  4    God:    Trog [**....]
Gold:   172        SH:  0    Dex: 10    Spells: 4/4 levels left

rFire    . . .     SeeInvis .   a - +0 hand axe
rCold    . . .     Gourm    .   (no shield)
rNeg     . . .     Faith    .   b - +0 animal skin
rPois    .         Spirit   .   (helmet restricted)
rElec    .         Reflect  .   (no cloak)
rCorr    .         Harm     .   (no gloves)
MR       .....                  (no boots)
Stlth    ..........             (no amulet)
HPRegen  0.22/turn              (no ring)
MPRegen  0.09/turn              (no ring)

@: berserking, very quick
A: retaliatory headbutt, horns 2
a: Berserk, Trog's Hand, Renounce Religion


You were on level 4 of the Dungeon.
You worshipped Trog.
Trog was pleased with you.
You were full.

You visited 1 branch of the dungeon, and saw 4 of its levels.

You collected 172 gold pieces.

Inventory:

Hand Weapons
 a - a +0 hand axe (weapon)
Armour
 b - a +0 animal skin (worn)
Jewellery
 h - an uncursed ring of ice {unknown}
 r - an uncursed ring of protection from cold {unknown}
 w - a cursed ring of teleportation {unknown}
Wands
 u - a wand of digging (5)
 x - a wand of polymorph (9)
Scrolls
 d - 4 scrolls of teleportation {unknown}
 e - 4 scrolls of identify {unknown}
 g - 2 scrolls of fog {unknown}
 i - 2 scrolls of blinking {unknown}
 p - a scroll of magic mapping {unknown}
 q - a scroll of amnesia {unknown}
 s - 2 scrolls of immolation {unknown}
 t - a scroll of remove curse {unknown}
 y - a scroll of enchant armour {unknown}
Potions
 f - a potion of curing {unknown}
 j - 3 potions of agility {unknown}
 k - a potion of heal wounds {unknown}
 l - a potion of invisibility {unknown}
 m - a potion of degeneration {unknown}
 n - a potion of brilliance {unknown}
 o - a potion of magic {unknown}
 v - a potion of flight {unknown}
Comestibles
 c - 4 rations


   Skills:
 + Level 5.3 Fighting
 + Level 5.9 Axes
 + Level 2.6 Armour
 + Level 3.5 Dodging
 + Level 0.8 Stealth


You had 4 spell levels left.
You didn't know any spells.
Your spell library was empty.

Dungeon Overview and Level Annotations

Branches:
Dungeon (4/15)
 Temple: D:4-7

Altars:
Qazlal


Innate Abilities, Weirdness & Mutations

You reflexively headbutt those who attack you in melee.
You have a pair of horns on your head.


Message History

* * * LOW HITPOINT WARNING * * *
Calm down first, please.
You are too injured to fight recklessly!
You are too injured to fight recklessly!
You are too injured to fight recklessly!
You are too injured to fight recklessly!
You are too injured to fight recklessly!
You are too injured to fight recklessly!
You are too injured to fight recklessly!
You slash the hippogriff!
The hippogriff is heavily wounded.
The hippogriff bites you!
* * * LOW HITPOINT WARNING * * *
The hippogriff pecks you but does no damage.
The hippogriff claws you!
* * * LOW HITPOINT WARNING * * *
You slash the hippogriff!
The hippogriff is severely wounded.
The hippogriff bites you.
You die...

### #..## #...#
#...# #...#
#...# #..H## #
#..@.## ..#
#.....#...# #.
#.........# ##.
#........##
##...
#..#######
#.... #..#
#...# #..# #...
#..### #.
#....##########
#


You could see a hippogriff.

Vanquished Creatures
  An ogre (D:2)
  An orc priest (D:4)
  6 adders
  An ooze (D:3)
  2 adder skeletons (D:4)
  3 worms (D:2)
  A dart slug (D:3)
  3 orcs (D:4)
  A ball python (D:3)
  2 giant cockroaches (D:2)
  9 goblins
  7 hobgoblins
  A jackal (D:2)
  A quokka (D:2)
  9 bats
  2 frilled lizards
  7 kobolds
  4 rats
61 creatures vanquished.

Notes
Turn   | Place    | Note
-------+----------+-------------------------------------------
     0 | D:1      | Osq the Minotaur Berserker began the quest for the Orb.
     0 | D:1      | Reached XP level 1. HP: 19/19 MP: 0/0
   920 | D:1      | Reached XP level 2. HP: 24/27 MP: 1/1
  1272 | D:2      | Reached XP level 3. HP: 27/33 MP: 2/2
  1566 | D:2      | Found a stormy altar of Qazlal.
  1586 | D:2      | Reached ** piety under Trog
  1872 | D:2      | Reached XP level 4. HP: 28/41 MP: 3/3
  2234 | D:2      | Noticed an ogre
  2239 | D:2      | Killed an ogre
  2239 | D:2      | Reached skill level 5 in Axes
  2239 | D:2      | Reached XP level 5. HP: 27/47 MP: 4/4
  2298 | D:2      | Reached skill level 5 in Fighting
  3392 | D:4      | Noticed a hippogriff
  3401 | D:4      | HP: 1/72 [hippogriff (9)]
  3402 | D:4      | Slain by a hippogriff

Vault maps used:
D:1:      tarquinn_simple_flora_water_f
D:2:      minmay_recursive_quarters, nicolae_overflow_hidden_temple
D:4:      first_ration

Skill      XL: |  1  2  3  4  5 |
---------------+----------------+-----
Fighting       | 4 5 |  5.3
Axes           | 4 5 |  5.9
Dodging        | 3 |  3.5
Armour         | |  2.6
Stealth        | |  0.8

Action                   |  1- 3 |  4- 6 || total
-------------------------+-------+-------++-------
Melee: Hand axe          |    77 |    59 ||   136
       Headbutt          |    14 |    12 ||    26
Invok: Berserk           |       |     1 ||     1
 Stab: Sleeping          |       |     1 ||     1
  Eat: Chunk             |     2 |     4 ||     6
       Ration            |       |     2 ||     2
Armor: Animal skin       |    27 |    10 ||    37
Dodge: Dodged            |    50 |    38 ||    88

Table legend:
 A = Non-vault XP
 B = Vault XP
 C = Vault XP percentage of total XP
 D = Non-vault monster count
 E = Vault monster count
 F = Vault count percentage of total count
                 A         B        C        D         E       F
            +---------+---------+-------+---------+---------+-------
      Total |     344 |      16 |   4.4 |      54 |       7 |  11.5
            +---------+---------+-------+---------+---------+-------
        D:1 |      20 |       0 |   0.0 |      15 |       0 |   0.0
        D:2 |     200 |      16 |   7.4 |      20 |       7 |  25.9
        D:3 |      51 |       0 |   0.0 |      12 |       0 |   0.0
        D:4 |      73 |       0 |   0.0 |       7 |       0 |   0.0
            +---------+---------+-------+---------+---------+-------
